 Dungeon Crawl Stone Soup version 0.19-a0-743-ge0d55e4 (webtiles) character file.

237606 Exos the Impaler (level 19, -13/182 HPs)
             Began as a Hill Orc Gladiator on June 24, 2016.
             Was the Champion of Beogh.
             Killed from afar by a deep elf annihilator (34 damage)
             ... with a bolt of lightning
             ... led by an ironheart preserver
             ... on level 3 of the Vaults.
             The game lasted 03:11:05 (23871 turns).

Exos the Impaler (Hill Orc Gladiator)              Turns: 23871, Time: 03:11:06

Health: -13/182    AC: 36    Str: 28    XL:     19   Next: 24%
Magic:  0/38       EV: 16    Int: 18    God:    Beogh [******]
Gold:   1757       SH:  0    Dex: 14    Spells: 8 memorised, 5 levels left

rFire  . . .     SeeInvis .     i - +12 glaive of Prune {chop}
rCold  . . .     Gourm    .     C - +0 shadow dragon armour
rNeg   + . .     Faith    .     (shield currently unavailable)
rPois  .         Spirit   +     q - +3 hat of Pondering {ponderous, MR+ MP+10 Int+5}
rElec  .         Dismiss  .     d - +2 cloak {MR+}
rCorr  .         Reflect  .     e - +0 pair of gloves "Kolef" {rN+ Dex+4}
SustAt .         Harm     .     D - +2 pair of boots
MR     +++..                    t - amulet of guardian spirit
Stlth  ++........               y - +3 ring of evasion
                                j - +5 ring of intelligence

@: very slightly contaminated, repel missiles, drained, slow, extremely
resistant to hostile enchantments, unstealthy
A: walk on water, antennae 1, talons 1, rough black scales 1, strong 1, subdued
magic 1
a: Smiting, Recall Orcish Followers, Give Item to Named Follower, Resurrection,
Renounce Religion
}: 2/15 runes: decaying, gossamer


You were on level 3 of the Vaults.
You worshipped Beogh.
Beogh was exalted by your worship.
You were not hungry.

You visited 6 branches of the dungeon, and saw 34 of its levels.
You also visited: Ice Cave.

You collected 2649 gold pieces.
You spent 892 gold pieces at shops.

Inventory:

Hand Weapons
 i - the +12 glaive of Prune (weapon) {chop}
   (You found it on level 12 of the Dungeon)

   It inflicts extra damage upon your enemies.
 m - a +6 bardiche
 M - a +2 eveningstar of protection
Armour
 d - a +2 cloak of magic resistance (worn)
 e - the +0 pair of gloves "Kolef" (worn) {rN+ Dex+4}
   (You bought it in a shop on level 12 of the Dungeon)

   It affects your dexterity (+4).
   It protects you from negative energy.
 q - the +3 hat of Pondering (worn) {ponderous, MR+ MP+10 Int+5}
   (You took it off Gastronok on level 12 of the Dungeon)

   It affects your intelligence (+5).
   It affects your resistance to hostile enchantments.
   It affects your magic capacity (+10).
 r - the +1 leather armour "Eruudeih" {rF+ Int+2}
   (You found it on level 5 of the Lair of Beasts)

   It affects your intelligence (+2).
   It protects you from fire.
 C - a +0 shadow dragon armour (worn)
 D - a +2 pair of boots (worn)
Magical Staves
 x - an uncursed staff of energy
Jewellery
 j - a +5 ring of intelligence (left hand)
 t - an amulet of guardian spirit (around neck)
 v - an uncursed ring of protection from cold
 y - a +3 ring of evasion (right hand)
 F - an uncursed ring of positive energy
Wands
 n - a wand of teleportation (5/9)
 G - a wand of digging (4/24)
Scrolls
 h - 4 scrolls of magic mapping
 A - 4 scrolls of remove curse
 B - 2 scrolls of identify
 E - 6 scrolls of fog
 J - a scroll of fear
 K - 2 scrolls of recharging
 L - 8 scrolls of teleportation
Potions
 a - a potion of resistance
 b - 4 potions of curing
 c - 4 potions of cure mutation
 g - a potion of brilliance
 k - 5 potions of ambrosia
 o - 3 potions of magic
 p - 2 potions of haste
 u - a potion of berserk rage
 w - a potion of invisibility
 z - 2 potions of might
Books
 s - a book of Necromancy

   Spells                             Type                      Level
   a - Pain                           Necromancy                   1
   b - Animate Skeleton               Necromancy                   1
   c - Vampiric Draining              Necromancy                   3
   d - Regeneration                   Charms/Necromancy            3
   e - Animate Dead                   Necromancy                   4
   f - Control Undead                 Necromancy                   4
Comestibles
 f - 17 bread rations
 l - 28 fruits
 H - 5 chunks of flesh
 I - a slice of pizza


   Skills:
 - Level 19.0(18.4) Fighting
 - Level 20.0(19.5) Polearms
 - Level 2.0(1.7) Throwing
 + Level 16.7(16.2) Armour
 - Level 8.0(7.6) Dodging
 - Level 6.0(5.6) Spellcasting
 - Level 3.0(2.6) Hexes
 - Level 8.1(7.7) Charms
 - Level 2.0(1.6) Necromancy
 - Level 2.6(2.2) Air Magic
 - Level 8.0(7.6) Invocations


You had 5 spell levels left.
You knew the following spells:

 Your Spells              Type           Power        Failure   Level  Hunger
a - Spectral Weapon       Hex/Chrm       ###.....     14%         3    ##.....
b - Regeneration          Chrm/Necr      ###.......   17%         3    ##.....
c - Agony                 Necr           #.......     100%        5    #####..
d - Dispel Undead         Necr           #.......     100%        5    #####..
e - Blink                 Tloc           N/A          71%         2    None
r - Repel Missiles        Chrm/Air       ###...       10%         2    None
s - Swiftness             Chrm/Air       ###.....     10%         2    None
z - Portal Projectile     Tloc           #.....       96%         3    ##.....


Dungeon Overview and Level Annotations

Branches:
Dungeon (15/15)            Temple (0/1) D:5            Lair (6/6) D:10
  Swamp (4/4) Lair:2       Spider (4/4) Lair:2        Slime (0/5) Lair:5
    Orc (2/2) D:11         Vaults (3/5) D:14          Crypt (0/3) Vaults:3
 Depths (0/5) D:15
    Elf: Orc:2

Altars:
Kikubaaqudgha
Makhleb
Vehumet

Shops:
D:6 (   D:10 %   D:12 [(   Orc:2 (:([?   Vaults:2 (

Portals:
Trove: D:14 (give +3 ice dragon armour)

Annotations:
D:5 Dowan, Duvessa


Innate Abilities, Weirdness & Mutations

You can walk on water.
You have a pair of small antennae on your head.
You have sharp toenails.
You are partially covered in rough black scales. (AC +4, Dex -1)
Your muscles are strong. (Str +2)
Your spells are a little easier to cast, but a little less powerful.


Message History

You could not reach far enough!
Urug seems less drained.
The vampire mosquito bites Olfrun.
The vampire mosquito draws strength from Olfrun's injuries!
Borgun hits the vampire mosquito from afar with a +1 demon trident of freezing!
Borgun freezes the vampire mosquito.
The vampire mosquito is destroyed!
Beogh accepts your kill.
The deep elf archer shoots an arrow.
The arrow completely misses your orc warrior.
The arrow is repelled.
Attack whom?
Press: ? - help, Dir - move target cursor, f/p - deep elf annihilator
Aim: a deep elf annihilator, wielding a long sword and wearing a scale mail (translocational energy)
You reach to attack!
You chop the deep elf annihilator into pieces!!!
The deep elf annihilator is severely wounded.
The deep elf annihilator casts a spell at you.
The bolt of lightning hits you!
You die...

####'## .......
.#..... ......
#########...8#
#.o.....#...##.#
#......o#e....>.
#....(oo(oo.#
#...o.o@#...8#
#...o.)o#yoo.ooy
#...eo†o#.#....)
#...o.).#.......
#....)).### ####
#...).(.#
#.†.(...# ###
#####(#####
....#...o(#..#


You could see an orc knight, a deep elf annihilator, a deep elf archer, the
friendly Borgun the orc warlord, the friendly Marbaugh the orc warlord
(fleeing), the friendly Olfrun the orc warlord, the friendly Bladwarg the orc
knight, the friendly Marbaugh the orc knight, the friendly Norbak the orc knight
(fleeing), the friendly Orik the orc knight, the friendly Urug, 2 friendly orc
warriors, a friendly orc priest (fleeing), a friendly orc wizard (invisible) and
a friendly spectral glaive of Prune {chop}.

Vanquished Creatures
  The ghost of tornocean the Deadly Accurate, an adept MiBe of Trog (Spider:1)
  Gastronok (D:12)
  4 thorn hunters
  3 deep elf sorcerers
  4 vault wardens (Vaults:2)
  Maud (D:13)
  6 ghost moths
  5 emperor scorpions
  A stone giant (Vaults:2)
  An entropy weaver (Spider:3)
  3 ironheart preservers
  A deep elf demonologist (Vaults:3)
  Azrael (D:14)
  A spark wasp (Spider:2)
  2 blizzard demons (IceCv)
  A dire elephant (D:15)
  An eidolon (Vaults:3)
  Josephine (D:13)
  2 deep elf death magi
  2 fire dragons
  4 yaktaur captains
  A great orb of eyes (Vaults:1)
  A vault guard (Vaults:2)
  11 hydras
  2 death knights
  3 centaur warriors (Vaults:1)
  6 ogre magi
  4 alligators
  4 death yaks (Lair:4)
  3 orc high priests (Orc:2)
  3 deep elf knights
  An unseen horror (shapeshifter) (Vaults:3)
  2 flayed ghosts (Vaults:1)
  A deep troll (Vaults:1)
  2 unseen horrors
  A shambling mangrove (Swamp:4)
  7 swamp dragons
  4 wizards (D:12)
  4 ironbrand convokers
  2 deep elf archers
  3 hill giants
  A necromancer (Vaults:1)
  6 orb spiders
  4 harpies
  4 orc knights
  A hornet (shapeshifter) (D:14)
  5 deep elf magi
  11 wolf spiders
  An orb spider (shapeshifter) (Vaults:3)
  3 griffons
  5 hornets
  14 ugly things
  A manticore (D:14)
  3 cyclopes
  5 black mambas
  A griffon (shapeshifter) (Vaults:2)
  A salamander (D:15)
  A fire giant skeleton (Vaults:1)
  A centaur zombie (D:12)
  8 elephants
  A vault sentinel (Vaults:1)
  9 spiny frogs
  Maurice (D:11)
  2 naga magi (D:12)
  3 torpor snails
  A gargoyle (D:12)
  2 kobold demonologists
  14 yaktaurs
  A rime drake (Lair:5)
  6 freezing wraiths
  6 komodo dragons
  6 ice devils (IceCv)
  4 anaconda simulacra (IceCv)
  9 demonic crawlers
  9 jumping spiders
  A golden dragon simulacrum (IceCv)
  A troll (Orc:1)
  2 meliai (D:14)
  A tengu conjurer (D:13)
  A two-headed ogre (Vaults:1)
  A polar bear (Lair:2)
  A giant leech (Swamp:4)
  A raiju (shapeshifter) (Vaults:2)
  15 slime creatures
  7 bog bodies
  2 blink frogs (Swamp:4)
  4 boulder beetles
  3 shadows
  A vampire (D:13)
  A dire elephant simulacrum (IceCv)
  6 wraiths (D:13)
  43 redbacks
  5 tarantellas
  3 wyverns (Lair:6)
  2 spriggans
  31 yaks
  2 fire elementals (D:14)
  2 basilisks
  A hungry ghost (D:11)
  A steam dragon (D:9)
  6 vampire mosquitoes
  A death yak simulacrum (IceCv)
  3 human simulacra
  6 mottled dragons
  5 insubstantial wisps
  An iron troll simulacrum (IceCv)
  5 soldier ants
  5 hippogriffs
  3 harpy simulacra (IceCv)
  10 swamp worms
  9 water moccasins
  3 hydra simulacra (IceCv)
  7 porcupines
  4 sky beasts
  12 swamp drakes
  5 wasps
  9 orc warriors
  An ettin simulacrum (IceCv)
  6 ice beasts
  3 phantoms
  2 black bears
  2 alligator simulacra (IceCv)
  24 ogres
  12 wolves
  8 centaurs
  5 crocodiles
  A big kobold (D:12)
  9 giant frogs
  A human skeleton (Vaults:1)
  3 scorpions
  3 jellies
  A water moccasin skeleton (D:9)
  4 wights (D:9)
  4 howler monkeys
  An electric eel (Lair:2)
  6 crimson imps
  9 hounds
  2 draconian simulacra (IceCv)
  3 orc priests
  2 centaur skeletons
  7 orc wizards
  A wasp zombie (D:12)
  2 giant frog skeletons (D:12)
  12 iguanas
  25 worker ants
  4 troll simulacra (IceCv)
  A killer bee zombie (D:7)
  4 sheep (Lair:3)
  A centaur simulacrum (IceCv)
  A hound skeleton (D:8)
  A worker ant zombie (D:5)
  A gnoll (D:1)
  A naga simulacrum (IceCv)
  18 adders
  2 ogre simulacra (IceCv)
  17 river rats
  2 shadow imps
  3 white imps (IceCv)
  2 ufetubi (IceCv)
  An ooze (D:6)
  An adder zombie (D:6)
  2 worms
  A dart slug (D:1)
  6 giant geckos
  58 orcs
  5 bats
  7 giant cockroaches
  3 goblins
  5 hobgoblins
  A hobgoblin (shapeshifter) (Vaults:3)
  21 jackals
  9 kobolds
  3 quokkas
  2 ball pythons (D:2)
  6 giant newts
  6 rats
  2 briar patches (Swamp:3)
  A fungus (Lair:5)
  A plant (Lair:5)
851 creatures vanquished.

Vanquished Creatures (collateral kills)
  Rupert (Lair:6)
  Asterion (Vaults:3)
  A thorn hunter (Swamp:3)
  The ghost of grandjackal the Lord of Darkness, an adept DsGl of Kikubaaqudgha (Swamp:2)
  Donald (Swamp:1)
  A deep elf sorcerer (Vaults:1)
  5 emperor scorpions (Spider:4)
  2 vault wardens
  3 ironheart preservers
  An entropy weaver (Spider:3)
  A vampire knight (Vaults:3)
  3 spark wasps
  A fire dragon (Vaults:1)
  A great orb of eyes (Vaults:1)
  2 catoblepae
  A vault guard (Vaults:2)
  A ghost crab (Swamp:2)
  5 hydras
  An ice dragon (Vaults:1)
  3 centaur warriors
  A death knight (D:13)
  An alligator (Swamp:2)
  A queen ant (Spider:3)
  2 death yaks (Lair:4)
  A hell hog (shapeshifter) (D:14)
  A spriggan (Swamp:4)
  2 skeletal warriors
  2 deep trolls (Vaults:1)
  An unseen horror (Vaults:1)
  4 hill giants
  2 shambling mangroves (Swamp:4)
  5 deep elf archers
  A lindwurm (Lair:5)
  4 harpies
  3 ironbrand convokers
  A swamp dragon (Swamp:2)
  A necromancer (Vaults:1)
  3 orc knights
  5 deep elf magi
  10 ugly things
  3 orc sorcerers (Orc:2)
  A griffon (Lair:4)
  6 orb spiders
  A sphinx skeleton (Vaults:1)
  2 cyclopes
  6 hornets
  11 wolf spiders
  A moth of wrath (Spider:2)
  4 elephants (Lair:5)
  A guardian serpent (Lair:6)
  A vault sentinel (Vaults:3)
  5 black mambas (Lair:6)
  7 spiny frogs
  10 yaktaurs
  2 komodo dragons
  2 rime drakes
  3 demonic crawlers
  3 freezing wraiths
  A human skeleton (Vaults:1)
  A troll (shapeshifter) (Vaults:2)
  15 jumping spiders
  A meliai (D:14)
  4 trolls
  2 two-headed ogres (Vaults:1)
  3 boulder beetles
  5 blink frogs
  2 giant leeches
  14 slime creatures
  3 shadows (Swamp:1)
  8 tarantellas
  37 redbacks
  2 wyverns
  2 wraiths
  Grum (Lair:1)
  12 yaks
  3 fire elementals (D:14)
  A hippogriff (Lair:6)
  13 vampire mosquitoes
  3 basilisks
  An iron troll simulacrum (IceCv)
  7 swamp worms
  3 insubstantial wisps
  A warg (Vaults:3)
  7 soldier ants (Spider:3)
  8 water moccasins
  A hell hound (D:14)
  3 orc warriors
  2 swamp drakes
  6 wasps
  An eye of draining (D:14)
  A necrophage (D:13)
  2 sky beasts
  3 wolves
  9 ogres
  3 crocodiles
  A centaur (D:14)
  A crocodile (shapeshifter) (D:14)
  4 giant frogs
  A glowing shapeshifter simulacrum (Vaults:1)
  A scorpion (D:14)
  An electric eel (Spider:4)
  A howler monkey (D:14)
  2 orc wizards (Orc:2)
  3 orc priests
  4 iguanas
  11 worker ants
  7 sheep
  4 adders (Lair:6)
  12 river rats
  4 orcs
  10 briar patches
  6 fungi
  10 plants
430 creatures vanquished.

Vanquished Creatures (others)
  3 orc knights
  2 orc sorcerers
  A spiny frog (Swamp:3)
  A polar bear (Lair:2)
  A spriggan (Swamp:4)
  A swamp worm (shapeshifter) (D:14)
  10 orc warriors
  A wasp (Swamp:4)
  A centaur (D:14)
  17 orc priests
  8 orc wizards
  4 white imps (IceCv)
  2 ufetubi (IceCv)
  31 orcs
  3 fungi
  3 plants (Lair:6)
  7 spectral weapons
96 creatures vanquished.

Grand Total: 1377 creatures vanquished

Notes
Turn   | Place    | Note
--------------------------------------------------------------
     0 | D:1      | Exos the Hill Orc Gladiator began the quest for the Orb.
     0 | D:1      | Reached XP level 1. HP: 18/18 MP: 1/1
   172 | D:1      | Reached XP level 2. HP: 24/25 MP: 2/2
   221 | D:1      | Reached skill level 4 in Polearms
   221 | D:1      | Reached XP level 3. HP: 27/31 MP: 3/3
   471 | D:2      | Reached skill level 1 in Armour
   558 | D:2      | Reached XP level 4. HP: 31/38 MP: 4/4
   953 | D:3      | Reached skill level 5 in Polearms
   953 | D:3      | Reached XP level 5. HP: 39/46 MP: 5/5
  1461 | D:4      | Reached XP level 6. HP: 52/53 MP: 5/6
  1505 | D:4      | Found an ancient bone altar of Kikubaaqudgha.
  1512 | D:4      | Reached skill level 6 in Polearms
  1736 | D:4      | Reached skill level 5 in Fighting
  1736 | D:4      | Reached XP level 7. HP: 30/61 MP: 7/7
  1790 | D:4      | Learned a level 2 spell: Repel Missiles
  1793 | D:4      | Learned a level 2 spell: Swiftness
  2137 | D:5      | Entered Level 5 of the Dungeon
  2195 | D:5      | Found a staircase to the Ecumenical Temple.
  2429 | D:5      | Reached skill level 7 in Polearms
  2515 | D:5      | Noticed Duvessa
  2515 | D:5      | Noticed Dowan
  2833 | D:5      | Reached XP level 8. HP: 43/70 MP: 8/8
  2913 | D:5      | Reached skill level 8 in Polearms
  2918 | D:5      | Found an ancient bone altar of Kikubaaqudgha.
  2973 | D:6      | Reached skill level 5 in Armour
  3015 | D:6      | Found Jiejitus's Weapon Shop.
  3022 | D:6      | Found a burning altar of Makhleb.
  3119 | D:6      | Found a radiant altar of Vehumet.
  3126 | D:6      | Became a worshipper of Beogh the Brigand
  3281 | D:7      | Reached XP level 9. HP: 43/79 MP: 9/9
  3307 | D:7      | Learned a level 3 spell: Spectral Weapon
  3375 | D:7      | Reached skill level 9 in Polearms
  3736 | D:8      | Reached skill level 10 in Polearms
  3738 | D:8      | Reached * piety under Beogh
  4271 | D:9      | Reached skill level 11 in Polearms
  4297 | D:9      | Noticed a komodo dragon
  4297 | D:9      | Noticed a six-headed hydra
  4332 | D:10     | Entered Level 10 of the Dungeon
  4414 | D:10     | Found Garhoej's Food Shoppe.
  4472 | D:10     | Noticed a hill giant
  4522 | D:10     | Reached XP level 10. HP: 59/86 MP: 10/10
  4581 | D:10     | Noticed a red ugly thing
  4605 | D:10     | Killed a red ugly thing
  4605 | D:10     | Reached ** piety under Beogh
  4640 | D:10     | Found a staircase to the Lair.
  4812 | D:10     | Noticed an elephant
  4910 | D:10     | Killed an elephant
  4910 | D:10     | Reached skill level 12 in Polearms
  5209 | D:11     | Gained mutation: Your spells are a little easier to cast, but a little less powerful. [mutagenic meat]
  5211 | D:11     | Gained mutation: Your muscles are strong. (Str +2) [mutagenic meat]
  5342 | D:11     | Noticed a griffon
  5351 | D:11     | Killed a griffon
  5701 | D:12     | Noticed a purple ugly thing
  5859 | D:12     | Found Meemm's Antique Weapon Boutique.
  5906 | D:12     | Noticed Gastronok
  5952 | D:12     | Reached XP level 11. HP: 49/99 MP: 11/11
  6022 | D:12     | Reached skill level 10 in Fighting
  6201 | D:12     | Reached *** piety under Beogh
  6307 | D:12     | Noticed a wizard
  6308 | D:12     | Noticed a wizard
  6313 | D:12     | Noticed a red ugly thing
  6354 | D:12     | Noticed an ogre mage
  6378 | D:12     | Killed a wizard
  6409 | D:12     | Found Wetahan's Armour Shoppe.
  6414 | D:12     | Bought a +1 cloak of magic resistance for 214 gold pieces
  6414 | D:12     | Bought the +0 pair of gloves "Kolef" {rN+ Dex+4} for 313 gold pieces
  6476 | D:12     | Reached skill level 13 in Polearms
  6599 | D:12     | Noticed a wizard
  6619 | D:12     | Killed a wizard
  6684 | D:12     | Killed a wizard
  6687 | D:12     | Killed a cyan ugly thing
  6698 | D:12     | Noticed an ogre mage
  6708 | D:12     | Killed an ogre mage
  6709 | D:12     | Noticed a wizard
  6763 | D:12     | Killed a wizard
  6763 | D:12     | Reached skill level 10 in Armour
  7008 | D:12     | Killed a purple ugly thing
  7090 | D:12     | Noticed a green ugly thing
  7101 | D:12     | Killed a green ugly thing
  7177 | D:12     | Killed Gastronok
  7177 | D:12     | Reached XP level 12. HP: 74/112 MP: 12/12
  7217 | D:12     | Reached skill level 14 in Polearms
  7295 | D:11     | Killed Maurice
  7303 | D:11     | Found a staircase to the Orcish Mines.
  7310 | D:11     | Noticed a four-headed hydra
  7320 | D:11     | Killed a seven-headed hydra
  7320 | D:11     | Reached **** piety under Beogh
  7370 | Orc:1    | Entered Level 1 of the Orcish Mines
  7576 | Orc:2    | Entered Level 2 of the Orcish Mines
  7598 | Orc:2    | Noticed an orc high priest
  7599 | Orc:2    | Noticed an orc high priest
  7602 | Orc:2    | Noticed an orc high priest
  7623 | Orc:2    | Noticed a soul eater
  7710 | Orc:2    | Found Idaloo Pobau's Antique Weapon Shop.
  7721 | Orc:2    | Bought a bardiche for 270 gold pieces
  7963 | Orc:2    | Gained Olfrun as an ally
  7965 | Orc:2    | Killed an orc high priest
  7965 | Orc:2    | Reached skill level 15 in Polearms
  7968 | Orc:2    | Killed an orc high priest
  7976 | Orc:2    | Killed an orc high priest
  8067 | Orc:2    | Found Xorameog's Book Boutique.
  8067 | Orc:2    | Found Ufuddam's Magic Scroll Emporium.
  8069 | Orc:2    | Found Eciets's Weapon Boutique.
  8069 | Orc:2    | Found Ihiefed's Antique Armour Emporium.
  8081 | Orc:2    | Bought a scroll of recharging for 95 gold pieces
  8219 | Lair:1   | Entered Level 1 of the Lair of Beasts
  8285 | Lair:1   | Reached ***** piety under Beogh
  8333 | Lair:1   | Noticed Grum
  8341 | Lair:1   | Reached skill level 1 in Charms
  8344 | Lair:1   | Killed Grum
  8344 | Lair:1   | Reached skill level 1 in Hexes
  8374 | Lair:1   | Reached skill level 1 in Spellcasting
  8374 | Lair:1   | Reached XP level 13. HP: 115/118 MP: 14/14
  8649 | Lair:2   | Found a hole to the Spider Nest.
  8706 | Lair:2   | You fall through a shaft!
  8766 | Lair:3   | Reached skill level 16 in Polearms
  8981 | Lair:4   | Gained Blodwig as an ally
  9511 | Lair:4   | Learned a level 3 spell: Regeneration
 10027 | Lair:5   | Found a staircase to the Slime Pits.
 10179 | Lair:5   | Got a fine leather armour
 10203 | Lair:5   | Identified the +1 leather armour "Eruudeih" {rF+ Int+2} (You found it on level 5 of the Lair of Beasts)
 10239 | Lair:5   | Gained Bogbarth as an ally
 10332 | Lair:6   | Entered Level 6 of the Lair of Beasts
 10332 | Lair:6   | Noticed Rupert
 10344 | Lair:6   | Killed Rupert
 10513 | Lair:6   | Noticed a fire dragon
 10517 | Lair:6   | Reached ****** piety under Beogh
 10524 | Lair:6   | Killed a fire dragon
 10529 | Lair:6   | Gained Thorok as an ally
 10529 | Lair:6   | Reached XP level 14. HP: 49/126 MP: 15/17
 10673 | Lair:6   | Reached skill level 1 in Invocations
 10906 | Lair:6   | Reached skill level 5 in Invocations
 11881 | Lair:2   | Found a staircase to the Swamp.
 11897 | Swamp:1  | Entered Level 1 of the Swamp
 11898 | Swamp:1  | Noticed Donald
 11913 | Swamp:1  | Killed Donald
 11991 | Swamp:1  | Reached skill level 5 in Dodging
 12184 | Swamp:1  | Learned a level 3 spell: Portal Projectile
 12187 | Swamp:1  | Learned a level 2 spell: Blink
 12365 | Swamp:2  | Noticed a thorn hunter
 12377 | Swamp:2  | Killed a thorn hunter
 12398 | Swamp:2  | Noticed grandjackal's ghost (adept DsGl)
 12405 | Swamp:2  | Killed grandjackal's ghost
 12689 | Swamp:3  | Got a jewelled scale mail
 12694 | Swamp:3  | Identified the +1 scale mail of Precision Catastrophes {rN+ MR+} (You found it on level 3 of the Swamp)
 12722 | Swamp:3  | Noticed a thorn hunter
 12739 | Swamp:3  | Killed a thorn hunter
 12743 | Swamp:3  | Reached XP level 15. HP: 16/134 MP: 3/21
 13054 | Swamp:4  | Entered Level 4 of the Swamp
 13064 | Swamp:4  | Your ally Blodwig died
 13086 | Swamp:4  | Noticed a thorn hunter
 13093 | Swamp:4  | Killed a thorn hunter
 13184 | Swamp:4  | Your ally Bogbarth died
 13190 | Swamp:4  | Your ally Thorok died
 13203 | Swamp:4  | Your ally Olfrun died
 13204 | Swamp:4  | Gained Bogmar as an ally
 13204 | Swamp:4  | Gained Marbaugh as an ally
 13565 | Swamp:4  | Your ally Bogmar died
 13666 | Swamp:4  | Reached skill level 17 in Polearms
 13677 | Swamp:4  | Noticed a thorn hunter
 13683 | Swamp:4  | Noticed a thorn hunter
 13691 | Swamp:4  | Killed a thorn hunter
 13713 | Swamp:4  | Killed a thorn hunter
 14056 | Swamp:4  | Got a decaying rune of Zot
 14082 | Swamp:4  | Identified a scroll of acquirement
 14298 | Spider:1 | Entered Level 1 of the Spider Nest
 14733 | Spider:1 | Killed a ghost moth
 14746 | Spider:1 | Noticed tornocean's ghost (adept MiBe)
 14755 | Spider:1 | Killed tornocean's ghost
 14842 | Spider:1 | Reached skill level 15 in Fighting
 14848 | Spider:1 | Reached skill level 18 in Polearms
 14893 | Spider:2 | Reached XP level 16. HP: 126/149 MP: 22/22
 15291 | Spider:2 | Reached skill level 15 in Armour
 15666 | Spider:3 | Gained Borgun as an ally
 15876 | Spider:3 | Found a frozen archway.
 15885 | IceCv    | Entered an ice cave
 15898 | IceCv    | Gained mutation: You have sharp toenails. [potion of beneficial mutation]
 15899 | IceCv    | Gained mutation: You are partially covered in rough black scales. (AC +4, Dex -1) [potion of beneficial mutation]
 15900 | IceCv    | Gained mutation: You have a pair of small antennae on your head. [potion of beneficial mutation]
 16125 | IceCv    | Got a coiled marble ring
 16138 | IceCv    | Identified the ring of Qelilita {Fire MR+ Str+3 Dex-5} (You found it in an ice cave)
 18140 | Spider:4 | Entered Level 4 of the Spider Nest
 18666 | Spider:4 | Reached XP level 17. HP: 39/161 MP: 23/23
 19036 | Spider:4 | Reached skill level 5 in Charms
 19200 | Spider:4 | Got a gossamer rune of Zot
 19265 | Spider:4 | Reached skill level 5 in Spellcasting
 19544 | D:13     | Noticed Maud
 19557 | D:13     | Killed Maud
 19557 | D:13     | Reached skill level 1 in Necromancy
 19663 | D:13     | Reached skill level 1 in Air Magic
 19670 | D:13     | Noticed Josephine
 19676 | D:13     | Killed Josephine
 19824 | D:13     | Learned a level 5 spell: Agony
 19830 | D:13     | Learned a level 5 spell: Dispel Undead
 20297 | D:14     | Noticed Azrael
 20303 | D:14     | Killed Azrael
 20619 | D:14     | Found a portal to a secret trove of treasure.
 20689 | D:14     | Found a gate to the Vaults.
 20734 | D:15     | Entered Level 15 of the Dungeon
 20760 | D:15     | Noticed Urug
 21051 | D:15     | Found a staircase to the Depths.
 21218 | Vaults:1 | Entered Level 1 of the Vaults
 21329 | Vaults:1 | Gained Norbak as an ally
 21359 | Vaults:1 | Reached XP level 18. HP: 111/169 MP: 27/27
 21663 | Vaults:1 | Reached skill level 19 in Polearms
 22468 | Vaults:2 | Reached skill level 20 in Polearms
 22471 | Vaults:2 | Gained Bladwarg as an ally
 23423 | Vaults:2 | Reached XP level 19. HP: 181/181 MP: 28/28
 23540 | Vaults:2 | Found Vanulame's Antique Weapon Emporium.
 23658 | Vaults:3 | Noticed Asterion
 23668 | Vaults:3 | Killed Asterion
 23836 | Vaults:3 | Found a staircase to the Crypt.
 23845 | Vaults:3 | Gained Marbaugh as an ally
 23862 | Vaults:3 | Gained Orik as an ally
 23871 | Vaults:3 | Killed from afar by a deep elf annihilator

Vault maps used:
D:1:      eino_arrival_water_star
D:2:      regret_index_temple_of_mockery, first_bread, grunt_pakellas_sulfur
D:4:      lemuel_round_altar
D:5:      basic_altar, grunt_ministairs_3, cheibrodos_gnoll_hut, uniq_duvessa
D:6:      lemuel_crystal_altar, bloody_makhleb, serial_shops, shop
D:7:      lemuel_doored_altar, grunt_dithmenos_smoke_and_mirrors, the_bakery
D:9:      minmay_shrinking_squares, zin_statuary, serial_shops, shop
D:10:     david_lair_generic, serial_shops, shop, minmay_misc_feat_chi,
          small_statue_intersection
D:11:     erik_orc_1, uniq_maurice
D:12:     serial_shops, shop, shop, special_room, minmay_guarded_unrand_prune,
          uniq_gastronok
D:13:     kennysheep_spiral_hall, uniq_maud, uniq_josephine
D:14:     david_vaults_2, kennysheep_decorative_pillar,
          nicolae_trove_entry_diagonal, uniq_azrael
D:15:     hangedman_depths_entry_try_elsewhere_first,
          minmay_misc_feat_diagonals, uniq_urug
Lair:1:   serial_bayou_pond_a, uniq_grum
Lair:2:   minmay_swamp_entry_worms, dummy_spider_entry, minivault_27,
          grunt_forest_large_clearing_hut, grunt_megastairs_5,
          serial_bayou_shore_a
Lair:3:   grunt_megastairs_2
Lair:5:   slime_dummy, serial_bayou_shore_b
Lair:6:   guppyfry_lair_end_dragon, hangedman_lair_tendril_chambers, uniq_rupert
Swamp:1:  hangedman_swamp_lotus, swamp_pool1, infiniplex_staircase_pool_2,
          uniq_donald
Swamp:2:  evilmike_swamp_ruin_house_2
Swamp:3:  evilmike_swamp_ruin_house_1, infiniplex_staircase_pool, uniq_nikola
Swamp:4:  swamp_basic_johnstein, swamp_pool2
Spider:1: uniq_agnes
Spider:2: einodemon_crawler_minivault
Spider:3: portal_ice_cave_entry_pillars_three, minmay_another_anthill
Spider:4: grunt_spider_rune_circles, nicolae_spider_shape
Orc:2:    grunt_orc_tribal_feast, basic_altar, serial_shops, shop, shop, shop,
          shop, uniq_snorg
Vaults:1: ontoclasm_vaults_ring_small, ontoclasm_vaults_twist,
          nicolae_vaults_asterisk, grunt_vaults_trifunnel,
          hangedman_vaults_nodes, v_misc_14, v_misc_5,
          nicolae_vaults_little_squares_3, vaults_mumra_chevron, v_misc_18,
          v_misc_5, nicolae_vaults_big_ls, nicolae_vaults_specimen_jars
Vaults:2: vaults_room_corners, ontoclasm_vaults_shuriken,
          vaults_standard_mumra_enter_the_diamond, v_misc_11,
          nicolae_vaults_little_squares_6, nicolae_vaults_little_squares_2,
          nicolae_vaults_network_square, vaults_dpeg_hooks,
          nicolae_vaults_ninety_degrees, hangedman_vaults_maws,
          nicolae_vaults_asterisk, v_alt_pattern_1, serial_shops,
          nicolae_shop_overgrown_old_shop
Vaults:3: v_misc_11, nicolae_vaults_yaktaur_gun_rack, hangedman_vaults_trim,
          ontoclasm_vaults_gateway, nicolae_vaults_little_squares_6,
          vaults_room_fancy_cross, v_pattern_2,
          minmay_crypt_entry_simple_statues, ontoclasm_vaults_tryst,
          ontoclasm_vaults_ligature, hangedman_vaults_corner_blocks, v_misc_28,
          v_rooms_4, vaults_room_large_hall, st_cells, serial_shops, shop,
          uniq_asterion, uniq_mara, uniq_frederick
IceCv:    ice_cave_caverns_03

Skill      XL: |  1  2  3  4  5  6  7  8  9 10 11 12 13 14 15 16 17 18 19 |
---------------+----------------------------------------------------------+-----
Fighting       | 3 4 5 7 9 12 15 17 18 19 | 19.0
Polearms       | 4 5 6 7 8 11 12 13 15 16 18 20 | 20.0
Armour         | 1 2 3 4 6 8 9 10 12 14 16 | 16.7
Charms         | 1 2 3 4 8 |  8.1
Hexes          | 1 3 |  3.0
Spellcasting   | 1 2 3 6 |  6.0
Throwing       | 2 |  2.0
Invocations    | 8 |  8.0
Dodging        | 6 8 |  8.0
Necromancy     | 2 |  2.0
Air Magic      | 2 |  2.6

Action                   |  1- 3 |  4- 6 |  7- 9 | 10-12 | 13-15 | 16-18 | 19-21 || total
-------------------------+-------+-------+-------+-------+-------+-------+-------++-------
Melee: Trident           |    97 |   212 |   430 |       |       |       |       ||   739
       Halberd           |       |       |    83 |   391 |       |       |       ||   474
       Glaive            |       |       |       |   158 |   659 |  1067 |    75 ||  1959
Throw: Throwing net      |       |     1 |     1 |     2 |       |       |       ||     4
 Cast: Repel Missiles    |       |       |     1 |       |       |     2 |     1 ||     4
       Spectral Weapon   |       |       |       |     1 |     7 |     3 |     2 ||    13
       Regeneration      |       |       |       |       |     5 |     3 |     2 ||    10
Invok: Convert to Beogh  |       |       |     1 |       |       |       |       ||     1
       Recall Orcish Fol |       |       |       |     4 |    25 |    21 |     2 ||    52
       Give Item to Name |       |       |       |       |     5 |     1 |       ||     6
       Smiting           |       |       |       |       |     4 |       |       ||     4
       Resurrection      |       |       |       |       |     1 |     2 |       ||     3
Evoke: Wand              |       |       |     8 |    13 |     7 |     8 |       ||    36
  Use: Potion            |       |     1 |     4 |     7 |    12 |    12 |     1 ||    37
       Scroll            |       |       |    15 |    12 |    24 |    10 |       ||    61
 Stab: Held in net/web   |       |     1 |       |       |       |       |       ||     1
       Distracted        |       |       |       |     4 |     9 |    13 |     2 ||    28
       Paralysed         |       |       |       |     1 |     3 |       |       ||     4
       Sleeping          |       |       |       |       |       |    10 |       ||    10
       Invisible         |       |       |       |       |       |     1 |       ||     1
  Eat: Meat ration       |       |     1 |     3 |     2 |     2 |     1 |     1 ||    10
       Chunk             |       |     1 |       |     4 |       |    10 |       ||    15
       Beef jerky        |       |       |       |     4 |     6 |     1 |       ||    11
       Pizza             |       |       |       |       |     3 |       |       ||     3
       Fruit             |       |       |       |       |       |     3 |       ||     3
       Bread ration      |       |       |       |       |       |     2 |       ||     2
       Royal jelly       |       |       |       |       |       |     1 |       ||     1
Armor: Leather armour    |    24 |    46 |       |       |       |       |       ||    70
       Ring mail         |       |     6 |     8 |       |       |       |       ||    14
       Chain mail        |       |       |   244 |   108 |       |       |       ||   352
       Skin              |       |       |       |     7 |    25 |       |       ||    32
       Plate armour      |       |       |       |   176 |   526 |   203 |       ||   905
       Shadow dragon arm |       |       |       |       |       |   452 |    44 ||   496
Dodge: Dodged            |    44 |   109 |   206 |   148 |   335 |   619 |    43 ||  1504
       Deflected         |       |       |     1 |       |       |     6 |     2 ||     9
